 Dungeon Crawl Stone Soup version 0.22.0-5-gf09313c8f9 (webtiles) character file.

169 RedPan the Ogre Mage (level 5, -5/45 HPs)
             Began as an Ogre Wizard on Aug 14, 2018.
             Killed by divine providence
             ... invoked by an orc priest
              (13 damage)
             ... on level 3 of the Dungeon.
             The game lasted 00:06:54 (2603 turns).

RedPan the Ogre Mage (Ogre Wizard)                  Turns: 2603, Time: 00:06:55

Health: -5/45      AC:  4    Str: 11    XL:     5   Next: 50%
Magic:  5/11       EV: 10    Int: 20    God:
Gold:   104        SH:  0    Dex:  7    Spells: 4/12 levels left

rFire    . . .     SeeInvis .   c - +0 mace
rCold    . . .     Gourm    .   (no shield)
rNeg     . . .     Faith    .   a - +1 robe
rPois    .         Spirit   .   b - +0 hat
rElec    .         Reflect  .   (no cloak)
rCorr    .         Harm     .   (gloves unavailable)
MR       .....                  (boots unavailable)
Stlth    +.........             g - amulet of inaccuracy (curse)
HPRegen  0.15/turn              j - ring of wizardry
MPRegen  0.12/turn              (no ring)

@: no status effects
A: large, unfitting armour, tough skin 1
a: no special abilities


You were on level 3 of the Dungeon.
You were not hungry.

You visited 1 branch of the dungeon, and saw 4 of its levels.

You collected 104 gold pieces.

Inventory:

Hand Weapons
 c - a +0 mace (weapon)
 e - a +0 dagger
Armour
 a - a +1 robe (worn)
 b - a +0 hat (worn)
Jewellery
 g - a cursed amulet of inaccuracy (around neck)
 j - a ring of wizardry (left hand)
Scrolls
 k - a scroll of remove curse {unknown}
Potions
 f - a potion of magic {unknown}
 h - a potion of brilliance {unknown}
 i - 2 potions of ambrosia {unknown}
Comestibles
 d - 6 rations


   Skills:
 - Level 1.7 Dodging
 - Level 1.4 Stealth
 + Level 4.4 Spellcasting
 + Level 2.5 Conjurations
 + Level 1.8 Summonings
 + Level 1.7 Translocations
 + Level 1.2 Air Magic
 + Level 1.1 Poison Magic


You had 4 spell levels left.
You knew the following spells:

 Your Spells              Type           Power        Failure   Level  Hunger
a - Magic Dart            Conj           ##..         1%          1    None
b - Blink                 Tloc           N/A          3%          2    #......
c - Call Imp              Summ           ##......     3%          2    #......
d - Mephitic Cloud        Conj/Pois/Air  ##......     8%          3    ###....

Your spell library contained the following spells:

 Spells                   Type           Power        Failure   Level  Hunger
 Conjure Flame            Conj/Fire      #.......     9%          3    ###....
 Slow                     Hex            #.......     8%          2    #......


Dungeon Overview and Level Annotations

Branches:
Dungeon (4/15)
 Temple: D:4-7

Altars:
Kikubaaqudgha
Okawaru

Portals:
Sewer: D:3

Annotations:
D:3 Grinder


Innate Abilities, Weirdness & Mutations

You are too large for most types of armour.
You have tough skin. (AC +1)


Message History

The orc hits you but does no damage.
Your crimson imp hits the orc.
The gnoll shouts!
The gnoll barely misses you. The orc hits you but does no damage.
Your crimson imp hits the orc.
The orc dies!
The orc priest calls down the wrath of Beogh upon you.
Beogh smites you!
Found 13 gold pieces.
Your crimson imp hits the gnoll.
Your crimson imp blinks!
Casting: Call Imp (safe; 3% risk of failure)
Confirm with . or Enter, or press ? or * to list all spells.
A beastly little devil appears in a puff of frigid air.
The gnoll barely misses you.
The gnoll hits you from afar with a spear!
* * * LOW HITPOINT WARNING * * *
You swap places.
The orc priest calls down the wrath of Beogh upon you.
Beogh smites you!
You die...

###.#.###
##.._........##
##..#.#........#
#.......5..$....
#####...[..!........
....................
#####...)...........
##>).....gg..........
#..###...o.g5@.......
#5..###......g........#
#).###
#.##.....#.....## .)#
#. ########.#### ## #+
..# #.# .# .#


You could see an orc priest, 4 gnolls, a friendly crimson imp and a friendly
white imp.

Vanquished Creatures
  2 vampire bats (D:2)
  An adder (D:2)
  An ooze (D:1)
  A worm (D:3)
  A dart slug (D:1)
  3 leopard geckos
  4 bat skeletons (D:2)
  2 bat zombies (D:2)
  3 giant cockroaches
  2 goblins (D:1)
  3 hobgoblins
  5 bats
  2 frilled lizards
  4 kobolds
  4 rats (D:1)
38 creatures vanquished.

Vanquished Creatures (collateral kills)
  2 orc wizards (D:3)
  3 orcs (D:3)
  A kobold (D:3)
6 creatures vanquished.

Grand Total: 44 creatures vanquished

Notes
Turn   | Place    | Note
-------+----------+-------------------------------------------
     0 | D:1      | RedPan the Ogre Wizard began the quest for the Orb.
     0 | D:1      | Reached XP level 1. HP: 16/16 MP: 5/5
    19 | D:1      | Reached skill level 1 in Conjurations
   195 | D:1      | Reached XP level 2. HP: 24/24 MP: 0/6
   254 | D:1      | Learned a level 2 spell: Blink
   257 | D:1      | Learned a level 2 spell: Call Imp
   642 | D:1      | Reached skill level 1 in Summonings
   642 | D:1      | Reached skill level 1 in Translocations
   764 | D:1      | Reached skill level 4 in Spellcasting
   795 | D:1      | Reached XP level 3. HP: 31/31 MP: 4/8
   800 | D:1      | Learned a level 3 spell: Mephitic Cloud
  1611 | D:2      | Found an iron altar of Okawaru.
  1764 | D:2      | Found an ancient bone altar of Kikubaaqudgha.
  1772 | D:2      | Reached XP level 4. HP: 38/39 MP: 5/10
  1827 | D:2      | Reached skill level 1 in Air Magic
  1827 | D:2      | Reached skill level 1 in Poison Magic
  1827 | D:2      | Reached XP level 5. HP: 28/45 MP: 1/11
  2118 | D:3      | Noticed Grinder
  2130 | D:3      | Paralysed by Grinder for 4 turns
  2455 | D:3      | Found a glowing drain.
  2537 | D:3      | You fall through a shaft!
  2537 | D:4      | Noticed a phantom
  2588 | D:3      | Found an iron altar of Okawaru.
  2603 | D:3      | Killed from afar by an orc priest

Skill      XL: |  1  2  3  4 |
---------------+-------------+-----
Conjurations   | 1 2 |  2.5
Summonings     | 1 |  1.8
Translocations | 1 |  1.7
Spellcasting   | 4 |  4.4
Air Magic      | 1 |  1.2
Poison Magic   | 1 |  1.1
Dodging        | |  1.7
Stealth        | |  1.4

Action                   |  1- 3 |  4- 6 || total
-------------------------+-------+-------++-------
Melee: Mace              |    17 |       ||    17
 Cast: Magic Dart        |    71 |    31 ||   102
       Call Imp          |     2 |     7 ||     9
  Use: Scroll            |     2 |       ||     2
  Eat: Chunk             |     2 |       ||     2
       Ration            |       |     1 ||     1
Armor: Robe              |    29 |    11 ||    40
Dodge: Dodged            |    45 |    10 ||    55
